 Dungeon Crawl Stone Soup version 0.29.0-7-g18a832c13a (webtiles) character file.

Game seed: 16334614157766676805

1045 Kahsius the Ruffian (level 8, -1/61 (67) HPs)
             Began as a White Draconian Transmuter on Aug 30, 2022.
             Was a Plaything of Xom.
             Slain by a wight
             ... wielding a +5 great sword of freezing
              (19 damage)
             ... on level 6 of the Dungeon.
             The game lasted 00:19:21 (6007 turns).

Kahsius the Ruffian (White Draconian Transmuter)    Turns: 6007, Time: 00:19:21

HP:   -1/61 (67)    AC:  6    Str: 12    XL:     8   Next: 4%
MP:   11/14         EV: 21    Int: 23    God:    Xom [*.....]
Gold: 295           SH:  0    Dex: 16    Spells: 9/15 levels left

rFire   . . .      SeeInvis .     - Unarmed
rCold   . . .      Faith    .   (shield currently unavailable)
rNeg    . . .      Spirit   .   (body armour unavailable)
rPois   x          Reflect  .   (helmet currently unavailable)
rElec   .          Harm     .   (cloak currently unavailable)
rCorr   .          Rampage  .   (gloves currently unavailable)
Will    +....                   (boots currently unavailable)
Stlth   +.........              m - amulet of regeneration
HPRegen 1.00/turn               g - +4 ring of protection
MPRegen 0.14/turn               u - +6 ring of intelligence

@: spider-form (expiring), drained
A: venomous fangs, (breathe frost), AC +6, tiny, unfitting armour, (cold
resistance 1), (cold-blooded), (hooves 1), (stinger 1), strong-willed 1
a: End Transformation, Renounce Religion


You were on level 6 of the Dungeon.
You worshipped Xom.
You were a special plaything of Xom.
You were a venomous arachnid creature.
You visited 1 branch of the dungeon, and saw 6 of its levels.

You collected 295 gold pieces.

Inventory:

Jewellery
 e - an amulet of the acrobat
 g - a +4 ring of protection (left front leg)
 m - an amulet of regeneration (around neck)
 s - a +4 ring of evasion
 u - a +6 ring of intelligence (right front leg)
Wands
 p - a wand of charming (4)
Scrolls
 b - 4 scrolls of identify {unknown}
 c - 3 scrolls of amnesia {unknown}
 f - 2 scrolls of magic mapping {unknown}
 h - a scroll of immolation {unknown}
 i - 2 scrolls of teleportation {unknown}
 l - 2 scrolls of poison {unknown}
 n - a scroll of vulnerability {unknown}
 o - 2 scrolls of blinking {unknown}
 r - a scroll of torment {unknown}
 w - a scroll of enchant weapon {unknown}
Potions
 a - 3 potions of lignification
 d - 4 potions of haste {unknown}
 j - a potion of berserk rage {unknown}
 k - a potion of brilliance {unknown}
 q - 2 potions of mutation {unknown}
 v - a potion of flight {unknown}


   Skills:
 + Level 4.6 Fighting
 + Level 4.1 Dodging
 + Level 5.1 Unarmed Combat
 + Level 4.1 Spellcasting
 + Level 4.5 Transmutations


You had 9 spell levels left.
You knew the following spells:

 Your Spells              Type           Power      Damage    Failure   Level
a - Beastly Appendage     Tmut           50%        N/A       7%          1
b - Wereblood             Tmut           25%        N/A       9%          2
c - Spider Form           Tmut/Pois      15%        N/A       28%         3

Your spell library contained the following spells:

 Spells                   Type           Power      Damage    Failure   Level
 Gell's Gravitas          Tloc           4%         N/A       52%         3
 Teleport Other           Tloc           4%         N/A       52%         3
 Ice Form                 Ice/Tmut       15%        N/A       61%         4
 Dispersal                Tloc           2%         N/A       100%        6


Dungeon Overview and Level Annotations

Branches:
Dungeon (6/15)             Temple (0/1) D:5

Altars:
Okawaru
Xom

Shops:
D:3 :


Innate Abilities, Weirdness & Mutations

You are a venomous arachnid creature.
You have poisonous fangs.
You are tiny and dextrous.
Your spellcasting is less reliable in this form.
Your armour is entirely melded.
You are incapable of wielding weapons or throwing items.
((You can breathe waves of freezing cold which knock back foes.))
((Your icy white scales are hard. (AC +6)))
You cannot fit into any form of body armour.
((Your flesh is cold resistant. (rC+)))
((You are cold-blooded and may be slowed by cold attacks.))
((You have large cloven feet.))
((Your tail ends in a venomous barb.))
You are strong-willed. (Will+)


Message History

You have reached level 8!
You feel clever.
You barely miss the wight. The wight closely misses you.
You hit the wight.
The wight is moderately damaged.
The wight hits you but does no damage.
You bite the wight!
The wight is almost destroyed.
The wight misses you.
You hit the wight but do no damage.
The wight is almost destroyed.
The wight hits you with a +5 great sword of freezing!
You feel drained. The wight freezes you!
* * * LOW HITPOINT WARNING * * *
Unknown command.
You hit the wight but do no damage.
The wight is almost destroyed.
Your transformation is almost over.
The wight misses you.
You hit the wight but do no damage.
The wight is almost destroyed.
The wight misses you.
You hit the wight but do no damage.
The wight is almost destroyed.
The wight hits you with a +5 great sword of freezing!
* * * LOW HITPOINT WARNING * * *
You feel drained.
* * * LOW HITPOINT WARNING * * *
The wight freezes you.
* * * LOW HITPOINT WARNING * * *
You feel better. The wight closely misses you.
You barely miss the wight.
The wight is almost destroyed.
The wight misses you.
You hit the wight.
The wight is almost destroyed.
You hit the wight but do no damage.
The wight is almost destroyed.
The wight hits you with a +5 great sword of freezing!!
You die...

#...................#
#.##############†####
#.# #..(.....# #.#
#.####.#.# #.# #.#
#.#.# # #.# #.# #.#.#
# #.# #.####.#.## #
#.#########.........#
#
#.#.zs..........##.##
#
#.#.###..)..........#
# #.#
#....<#....##### #
#.# #..####...## #
#.# #..# ###.#
############.# #..#
#.# ............>#
#..# #.#
############.# #..#
#.# # #.# #..# #.#


You could see a wight.

Vanquished Creatures
  A black bear (D:6)
  A phantom (D:5)
  A bullfrog (D:5)
  3 scorpions
  2 wights (D:6)
  2 howler monkeys
  A jelly (D:6)
  3 hounds (D:5)
  4 orc priests
  An orc wizard (D:4)
  3 gnolls (D:3)
  7 adders
  A shadow imp (D:6)
  A worm (D:4)
  2 dart slugs
  10 orcs
  7 ball pythons
  4 endoplasms
  5 giant cockroaches
  8 goblins
  3 hobgoblins
  9 jackals
  2 quokkas
  6 bats
  A frilled lizard (D:2)
  7 kobolds
  8 rats
103 creatures vanquished.

Notes
Turn   | Place    | Note
-------+----------+-------------------------------------------
     0 | D:1      | Kahsius the Draconian Transmuter began the quest for the
                  | Orb.
     0 | D:1      | Reached XP level 1. HP: 16/16 MP: 3/3
   304 | D:1      | Reached XP level 2. HP: 23/23 MP: 5/5
   398 | D:1      | Learned a level 2 spell: Wereblood
   946 | D:1      | Found a faded altar of an unknown god.
   955 | D:1      | Prayed at the altar of an unknown god.
   955 | D:1      | Became a worshipper of Xom the Random
   973 | D:2      | XOM: silly message
   974 | D:2      | XOM: potion effect (brilliance)
   981 | D:2      | XOM: potion effect (heal wounds)
   987 | D:2      | Reached XP level 3. HP: 27/29 MP: 4/6
  1387 | D:2      | Found an iron altar of Okawaru.
  1574 | D:3      | Identified the +7 mace of Patterns {vorpal, rF+}
  1616 | D:3      | XOM: silly message
  1631 | D:3      | XOM: divination: detect creatures
  1632 | D:3      | Reached XP level 4. HP: 20/36 MP: 5/7
  1987 | D:3      | XOM: divination: magic mapping
  2200 | D:3      | XOM: confuse monster(s)
  2333 | D:3      | XOM: cloud trail
  2558 | D:3      | Found Souduach's Book Shop.
  2571 | D:3      | XOM: god gift: 46 gold pieces
  2607 | D:3      | XOM: cloud trail
  2635 | D:3      | XOM: scenery: create altars
  2815 | D:4      | Noticed a scorpion
  2826 | D:4      | Reached XP level 5. HP: 42/42 MP: 6/9
  2958 | D:4      | XOM: scenery: create altars
  2999 | D:4      | XOM: polymorph orc -> endoplasm
  3009 | D:4      | Reached skill level 4 in Unarmed Combat
  3111 | D:4      | Reached XP level 6. HP: 51/51 MP: 8/10
  3200 | D:4      | XOM: give mutations
  3200 | D:4      | Gained mutation: You are strong-willed. (Will+) [Xom's
                  | grace]
  3200 | D:4      | Gained mutation: You have large cloven feet. [Xom's grace]
  3200 | D:4      | Gained mutation: Your tail ends in a venomous barb. [Xom's
                  | grace]
  3427 | D:4      | XOM: cloud trail
  3873 | D:5      | Entered Level 5 of the Dungeon
  4095 | D:5      | XOM: summons friendly crimson imp
  4116 | D:5      | Identified the +3 shortbow "Killer Klown's Peril" {freeze,
                  | Dex+6 Stlth+}
  4240 | D:5      | Found a staircase to the Ecumenical Temple.
  4328 | D:5      | XOM: enchant monster (bad)
  4347 | D:5      | XOM: silly message
  4359 | D:5      | Your scales start taking on an icy white colour.
  4359 | D:5      | Reached XP level 7. HP: 47/58 MP: 12/12
  4359 | D:5      | Gained mutation: Your flesh is cold resistant. (rC+) [White
                  | Draconian growth]
  4410 | D:5      | Learned a level 3 spell: Spider Form
  4525 | D:5      | XOM: swap monsters
  4549 | D:5      | XOM: enchant monster (bad)
  5862 | D:6      | Reached skill level 5 in Unarmed Combat
  5997 | D:6      | Reached XP level 8. HP: 42/66 MP: 10/14
  6007 | D:6      | Slain by a wight

Illustrated notes

Levels and vault maps discovered:
D:1:      evilmike_arrival_fibonacci_small, layout_loops_cross,
          basic_ecumenical_altar
D:2:      layout_rooms, basic_altar, hangedman_glass_teeth, minmay_diced_spiral
D:3:      layout_loops_ring, serial_shops, nicolae_diamond_shop
D:4:      layout_basic, grunt_ministairs_15, kennysheep_generic_room_15
D:5:      layout_layer_cave, minmay_temple_entry_statues_fountains,
          hangedman_decor_slide_cut
D:6:      layout_basic, minmay_misc_feat_iff, minmay_misc_feat_x,
          eino_tiny_chamber

Skill      XL: |  1  2  3  4  5  6  7 |
---------------+----------------------+-----
Dodging        | 2 3 4 |  4.1
Fighting       | 2 3 4 |  4.6
Transmutations | 3 4 |  4.5
Unarmed Combat | 4 5 |  5.1
Spellcasting   | 3 4 |  4.1

Action                   |  1- 3 |  4- 6 |  7- 9 || total
-------------------------+-------+-------+-------++-------
Melee: Unarmed           |   144 |   253 |   128 ||   525
       Kick              |     2 |    19 |    30 ||    51
       Tailslap          |    13 |    27 |    14 ||    54
       Headbutt          |     1 |       |       ||     1
       Punch             |     5 |     8 |     3 ||    16
 Cast: Beastly Appendage |     2 |       |       ||     2
       Wereblood         |     5 |    13 |     2 ||    20
       Spider Form       |       |       |     3 ||     3
 Abil: Breathe Frost     |       |       |     1 ||     1
  Use: Potion            |       |     3 |     1 ||     4
 Stab: Sleeping          |     1 |       |       ||     1
Armor: Skin              |    48 |   100 |    28 ||   176
Dodge: Dodged            |   110 |   173 |    81 ||   364
